 Dungeon Crawl Stone Soup version 0.30-a0-948-g4fa250aae5 (webtiles) character file.

Game seed: 15381794970549604330

757 DeathPants the Sneak (level 7, -7/36 HPs)
             Began as a Vine Stalker Enchanter on Mar 26, 2023.
             Killed by divine providence
             ... invoked by an orc priest
              (16 damage)
             ... on level 5 of the Dungeon.
             The game lasted 00:10:58 (2680 turns).

DeathPants the Sneak (Vine Stalker Enchanter)       Turns: 2680, Time: 00:10:59

Health: -7/36      AC:  4    Str: 12    XL:     7   Next: 79%
Magic:  0/14       EV: 12    Int: 15    God:
Gold:   92         SH:  0    Dex: 11    Spells: 9/14 levels left

rFire   + + .      SeeInvis .    a - +2 dagger (venom)
rCold   + . .      Faith    .    (no shield)
rNeg    . . .      Spirit   +    l - +2 robe {rC+ rF+}
rPois   .          Reflect  .    (no helmet)
rElec   +          Rampage  .    (no cloak)
rCorr   +                        (no gloves)
Will    .....                    (no boots)
Stlth   +++                      (no amulet)
HPRegen 1.06/turn                b - ring of protection from fire
MPRegen 0.14/turn                g - ring of Wosuopn {Wiz rElec rCorr Dex-4}

@: no status effects
A: fangs 2, regeneration 1, magic shield, antimagic bite, no potion heal 2
a: no special abilities


You were on level 5 of the Dungeon.
You visited 1 branch of the dungeon, and saw 5 of its levels.

You collected 92 gold pieces.

Inventory:

Hand Weapons
 a - a +2 dagger of venom (weapon)
 d - a +1 dagger
Missiles
 e - 6 atropa-tipped darts
 s - 3 boomerangs
Armour
 l - a +2 robe of resistance (worn)
Jewellery
 b - a ring of protection from fire (left hand)
 g - the ring of Wosuopn (right hand) {Wiz rElec rCorr Dex-4}
   (You acquired it on level 3 of the Dungeon)

   [ring of wizardry]

   It improves your spell success rate.
   Dex:       It affects your dexterity (-4).
   rElec:     It insulates you from electricity.
   rCorr:     It protects you from acid and corrosion.
Potions
 c - a potion of invisibility
 f - 5 potions of curing
 h - a potion of attraction
 j - 3 potions of flight
 k - a potion of heal wounds {unknown}
 o - a potion of magic {unknown}
 u - a potion of might {unknown}


   Skills:
 + Level 3.1 Fighting
 - Level 0.8 Short Blades
 - Level 3.2 Dodging
 - Level 6.0 Stealth
 + Level 4.2 Spellcasting
 + Level 4.8 Hexes
 + Level 0.8 Translocations


You had 9 spell levels left.
You knew the following spells:

 Your Spells              Type           Power      Damage    Failure   Level
a - Blink                 Tloc           10%        N/A       8%          2
b - Tukima's Dance        Hex            17%        N/A       3%          3

Your spell library contained the following spells:

 Spells                   Type           Power      Damage    Failure   Level
 Confusing Touch          Hex            17%        N/A       3%          3
 Ensorcelled Hibernation  Hex/Ice        20%        N/A       4%          2
 Lesser Beckoning         Tloc           10%        N/A       8%          2
 Momentum Strike          Conj/Tloc      8%         3d8       9%          2
 Dazzling Flash           Conj/Hex       20%        N/A       9%          3


Dungeon Overview and Level Annotations

Branches:
Dungeon (5/15)
 Temple: D:4-7

Altars:
Hepliaklqana
Okawaru
Yredelemnul

Shops:
D:5 =


Innate Abilities, Weirdness & Mutations

You have extremely sharp teeth.
Your natural rate of healing is unusually fast.
When hurt, damage is shared between your health and your magic reserves.
Your bite disrupts and absorbs the magic of your enemies.
Potions cannot restore your health.


Message History

The orc priest invokes the aid of Beogh against you.
Beogh smites you!
You hit the orc.
The orc is poisoned.
Your bite misses the orc.
The orc is lightly wounded.
The orc closely misses you.
You hit the orc.
The orc looks as sick as possible!
Your bite misses the orc.
The orc is moderately wounded.
The orc barely misses you.
You barely miss the orc. Your bite misses the orc.
The orc is almost dead.
You kill the orc!
You hit something but do no damage. Something hits you but does no damage.
You miss something. Your bite misses something. Something hits you.
You hit something but do no damage.
You hear some strange, mumbled words.
Something tries to affect you, but you resist.
You barely miss something. Your bite misses something.
Something hits you but does no damage.
You closely miss something.
You hear some strange, mumbled words.
A magic dart appears from out of thin air!
The magic dart hits you!
You completely miss something. Your bite misses something. Something hits you.
You hit something. Your bite misses something.
You hear some strange, mumbled words.
Something tries to affect you, but you resist.
You hit something but do no damage.
Reactivating autopickup.
You feel a bit more experienced.
You closely miss the orc. Your bite misses the orc.
The orc hits you but does no damage.
You hit the orc.
The orc is poisoned.
Your bite misses the orc.
The orc is severely wounded.
You kill the orc!
The orc priest invokes the aid of Beogh against you.
Pain shoots through your body!
* * * LOW HITPOINT WARNING * * *
The orc priest invokes the aid of Beogh against you.
Beogh smites you!
You die...

#......##### *,*
#...#### **,* #.###
****,,, #.# *,,,,,,
#.## *,,,,,,
##..###****,,,,,,
##.....#*,,,,,,,,,
#.#####.#,>,,,,,**
#@#...#,#,,,,,,,*
#o#.∩.#,**,,,*,**
#.#...#,**,**,,*
###.#.>.#,**,**,**
#...#...#,,,,**,*
#...#####..,***,*
#..........,,,,,****
#..........******,,,
#.?.....$..* ****


You could see an orc priest.

Vanquished Creatures
  A water moccasin (D:4)
  An ice beast (D:5)
  An ogre (D:4)
  A hound (D:4)
  A jelly (D:5)
  Jessica (D:2)
  Terence (D:2)
  2 iguanas (D:4)
  5 orc wizards
  9 adders
  An ufetubus (D:4)
  3 worms
  4 dart slugs
  14 orcs
  7 endoplasms
  5 goblins
  5 hobgoblins
  3 kobolds
  4 quokkas
  9 ball pythons
  7 bats
  A frilled lizard (D:1)
  5 rats
91 creatures vanquished.

Vanquished Creatures (collateral kills)
  An orc (D:5)
1 creature vanquished.

Grand Total: 92 creatures vanquished

Notes
Turn   | Place    | Note
-------+----------+-------------------------------------------
     0 | D:1      | DeathPants the Vine Stalker Enchanter began the quest for
                  | the Orb.
     0 | D:1      | Reached XP level 1. HP: 9/9 MP: 4/4
    99 | D:1      | Reached XP level 2. HP: 8/14 MP: 3/6
   434 | D:2      | Reached skill level 4 in Stealth
   434 | D:2      | Reached XP level 3. HP: 17/17 MP: 7/7
   480 | D:1      | You fall into a shaft and drop 1 floor!
   498 | D:1      | Reached skill level 1 in Fighting
   833 | D:2      | Gained mutation: Your natural rate of healing is unusually
                  | fast. [Vine Stalker growth]
   833 | D:2      | Reached XP level 4. HP: 14/22 MP: 6/9
  1049 | D:2      | Noticed Jessica
  1073 | D:2      | Killed Jessica
  1074 | D:2      | Reached XP level 5. HP: 20/25 MP: 3/10
  1207 | D:2      | Noticed Terence
  1222 | D:2      | Killed Terence
  1247 | D:3      | Found a faded altar of an unknown god.
  1368 | D:3      | Found a hazy altar of Hepliaklqana.
  1380 | D:3      | Found an iron altar of Okawaru.
  1702 | D:4      | Reached skill level 5 in Stealth
  1702 | D:4      | Reached XP level 6. HP: 25/30 MP: 8/11
  1753 | D:3      | Learned a level 3 spell: Tukima's Dance
  1979 | D:4      | Found a basalt altar of Yredelemnul.
  1996 | D:5      | Entered Level 5 of the Dungeon
  2015 | D:4      | Noticed a water moccasin
  2091 | D:4      | Killed a water moccasin
  2150 | D:4      | Reached XP level 7. HP: 35/35 MP: 13/13
  2170 | D:3      | Identified a scroll of acquirement
  2170 | D:3      | Acquired the ring of Wosuopn {Wiz rElec rCorr Dex-4}
  2367 | D:5      | Reached skill level 6 in Stealth
  2376 | D:4      | Learned a level 2 spell: Blink
  2637 | D:5      | Found Nuigridwa's Jewellery Shoppe.
  2680 | D:5      | Killed from afar by an orc priest

Illustrated notes

Levels and vault maps discovered:
D:1:      dpeg_arrival_short_road, layout_basic
D:2:      layout_rooms, uniq_terence, uniq_jessica
D:3:      layout_loops_ring, mainiacjoe_overflow_large_starburst,
          chequers_ecumenical_altar_island
D:4:      layout_cave_pools, kennysheep_mini_moat, kennysheep_cross_room
D:5:      layout_rooms, serial_park_tiny_1, nicolae_take_the_stairs

Skill      XL: |  1  2  3  4  5  6  7 |
---------------+----------------------+-----
Stealth        | 4 5 6 |  6.0
Fighting       | 1 2 3 |  3.1
Dodging        | 2 3 |  3.2
Spellcasting   | 3 4 |  4.2
Hexes          | 4 |  4.8
Short Blades   | |  0.8
Translocations | |  0.8

Action                     |  1- 3 |  4- 6 |  7- 9 || total
---------------------------+-------+-------+-------++-------
  Melee: Dagger            |    78 |   127 |    74 ||   279
         Bite              |    20 |    33 |    17 ||    70
         Punch             |     1 |     3 |     2 ||     6
  Throw: Dart              |       |     1 |       ||     1
   Cast: Tukima's Dance    |       |       |     1 ||     1
    Use: Potion            |       |     1 |       ||     1
         Scroll            |       |       |    10 ||    10
   Stab: Sleeping          |     3 |     5 |     2 ||    10
         Invisible         |       |     4 |       ||     4
 Armour: Robe              |    13 |    21 |    28 ||    62
  Dodge: Dodged            |    57 |    71 |    38 ||   166

Table legend: (Time is in decaauts)
 A = Elapsed time spent in this place.
 B = Non-inter-level travel time spent in this place.
 C = Inter-level travel time spent in this place.
 D = Time resting spent in this place.
 E = Time spent auto-exploring this place.
 F = Levels seen in this place.
 G = Mean time per level.
                   A        B        C        D        E       F      G
               +--------+--------+--------+--------+--------+-----+--------+
         Total |   2673 |   2590 |     83 |     48 |   1540 |   5 |  534.6 |
       Dungeon |   2673 |   2590 |     83 |     48 |   1540 |   5 |  534.6 |
               +--------+--------+--------+--------+--------+-----+--------+

Top non-repeatable levels by time:
     D:1: 730 daAuts
     D:3: 712 daAuts
     D:4: 575 daAuts
     D:2: 504 daAuts
     D:5: 150 daAuts
